Map: Mech Depot LE

Players

xKawaiian - Winner!

  • Race: Terran Terran
  • Spawn Location: 1:00

JimRising

  • Race: Zerg Zerg
  • League: Master
  • Spawn Location: 7:00

VOD

Have the link to the VOD?

Description

Time

  • Played on: July 20, 2017, 10:28 p.m.
  • Length: 6:06
Show
View Real Time Build Order
Export as new Build Order

xKawaiian Terran - Winner!

Build Orders: Liberator Opening 

Get SALT Encoding   

  12  0:00  SCV  
  13  0:13  SCV  
  14  0:17  Supply Depot  
  14  0:25  SCV  
  15  0:38  SCV  
  15  0:39  Barracks  
  16  0:44  Refinery  
  16  0:50  SCV  
  17  1:02  SCV  
  18  1:15  SCV  
  19  1:27  Orbital Command, Barracks Reactor  
  19  1:41  Command Center  
  19  1:52  Supply Depot  
  19  1:53  SCV  
  20  2:04  Marine x2  
  20  2:08  Factory  
  22  2:10  SCV  
  23  2:21  Marine  
  23  2:22  Marine, SCV  
  26  2:34  SCV  
  27  2:39  Marine x2  
  29  2:46  SCV  
  29  2:47  Refinery  
  30  2:52  Orbital Command  
  30  2:54  Starport  
  30  2:58  SCV  
  31  3:04  Hellion x2  
  35  3:13  Marine, SCV  
  37  3:20  SCV  
  37  3:26  Hellion x2, SCV  
  43  3:33  Medivac, SCV  
  46  3:43  Supply Depot  
  46  3:50  Supply Depot  
  46  3:54  Liberator  
  46  4:01  Armory  
  46  4:04  SCV x2  
  46  4:05  Hellion x2  
  46  4:06  Marine  
  53  4:14  Supply Depot  
  53  4:16  SCV  
  57  4:17  Supply Depot  
  57  4:22  SCV  
  58  4:26  Hellion x2  
  58  4:30  Supply Depot  
  62  4:37  Liberator  
  62  4:38  Marine, SCV  
  64  4:47  Hellion  
  64  4:50  Hellion  
  64  4:51  SCV  
  73  5:09  Hellion  
  73  5:11  Hellion  
  73  5:13  Barracks Tech Lab  
  76  5:15  SCV x2  
  78  5:30  Hellion  
  78  5:32  SCV x2  
  78  5:33  Hellion  
  84  5:36  Command Center  
Show
View Real Time Build Order
Export as new Build Order

JimRising Zerg 

Build Orders: Hatch First 

Get SALT Encoding   

  12  0:01  Drone  
  13  0:12  Overlord  
  13  0:18  Drone  
  14  0:31  Drone x2  
  14  0:34  Drone  
  17  0:52  Hatchery  
  17  0:55  Drone  
  17  0:58  Drone  
  18  1:06  Extractor  
  17  1:14  Spawning Pool  
  17  1:17  Drone  
  17  1:20  Drone  
  18  1:28  Drone  
  19  1:38  Overlord  
  19  1:50  Drone  
  20  2:01  Queen  
  20  2:02  Zergling x2  
  20  2:04  Queen, Zergling x2  
  26  2:08  Metabolic Boost  
  26  2:12  Drone  
  27  2:18  Drone  
  27  2:21  Drone  
  29  2:26  Drone  
  30  2:34  Drone  
  30  2:36  Queen  
  31  2:38  Overlord  
  31  2:44  Overlord  
  33  2:47  Drone  
  34  2:54  Overlord  
  34  3:02  Drone  
  34  3:03  Queen  
  37  3:05  Drone  
  37  3:10  Drone  
  39  3:16  Drone x4  
  39  3:17  Drone x2  
  45  3:24  Drone x2  
  47  3:36  Evolution Chamber  
  47  3:39  Hatchery  
  45  3:42  Zergling x4  
  47  3:49  Zergling x6  
  47  3:54  Queen  
  47  3:55  Overlord  
  52  3:58  Overlord  
  52  4:04  Zerg Ground Armor Level 1  
  52  4:09  Baneling Nest  
  50  4:13  Zergling x4  
  50  4:14  Zergling x2  
  53  4:18  Drone  
  53  4:19  Drone  
  53  4:20  Extractor  
  53  4:22  Drone x3  
  57  4:29  Zergling x4  
  59  4:33  Overlord x2  
  59  4:52  Drone, Zergling x2  
  58  4:53  Drone  
  58  4:54  Zergling x6  
  58  4:55  Baneling x4  
  58  4:57  Baneling x3  
  58  4:58  Drone x3  
  58  4:59  Drone x2  
  68  5:07  Drone x3  
  68  5:13  Drone  
  72  5:14  Drone x2  
  72  5:16  Baneling x4  
  72  5:19  Overlord x2  
  73  5:26  Extractor, Drone  
  73  5:27  Overlord x2  
  73  5:40  Zergling x4  
  77  5:43  Baneling  
Tags
 
Add a new tag
Caveats
  • Supply blocks, unpowered buildings, or Contaminate may cause inaccurate times.
  • Supply counts are checked every 10 seconds.